 Dungeon Crawl Stone Soup version 0.27.1-4-g1640c2035a (webtiles) character file.

Game seed: 8080538103716894252

2 ABBCCCDDDD the Sneak (level 1, -8/20 HPs)
             Began as a Hill Orc Delver on Nov 2, 2021.
             Splashed by a jelly's acid (9 damage)
             ... on level 4 of the Dungeon.
             The game lasted 00:00:25 (127 turns).

ABBCCCDDDD the Sneak (Hill Orc Delver)               Turns: 127, Time: 00:00:25

Health: -8/20      AC:  0    Str: 14    XL:     1   Next: 40%
Magic:  1/1        EV: 11    Int: 10    God:
Gold:   14         SH:  0    Dex: 12    Spells: 0/0 levels left

rFire    . . .     SeeInvis .   a - +0 hand axe
rCold    . . .     Faith    .   (no shield)
rNeg     . . .     Spirit   .   b - +0 leather armour
rPois    .         Reflect  .   (no helmet)
rElec    .         Harm     .   (no cloak)
rCorr    .         Rampage  .   (no gloves)
Will     .....                  (no boots)
Stlth    ++........             (no amulet)
HPRegen  0.06/turn              (no ring)
MPRegen  0.07/turn              (no ring)

@: corroded
A: no striking features
a: no special abilities


You were on level 4 of the Dungeon.
You visited 1 branch of the dungeon, and saw 2 of its levels.

You collected 14 gold pieces.

Inventory:

Hand Weapons
 a - a +0 hand axe (weapon)
Armour
 b - a +0 leather armour (worn)
Wands
 g - a wand of digging (3)
Scrolls
 c - a scroll of fog
 d - a scroll of magic mapping
 e - a scroll of fear
 h - a scroll of noise {unknown}
Potions
 f - a potion of haste


   Skills:
 + Level 3.7 Fighting
 * Level 2.9 Axes
 + Level 0.2 Armour
 - Level 1.5 Dodging
 - Level 4.1 Stealth


You couldn't memorise any spells.
You didn't know any spells.
Your spell library was empty.

Dungeon Overview and Level Annotations

Branches:
Dungeon (5/15)
 Temple: D:4-7

Altars:
Ashenzari

Shops:
D:5 [

Annotations:
D:5 othur's ghost, novice DgFi


Message History

You now have 14 gold pieces.
h - a scroll labelled URADAC ACRA
Found a stone staircase leading up.
Found 21 stones.
Othur's ghost turns its malevolent gaze towards you.
You hear a shout!
There is a stone staircase leading up here.
You climb upwards.
The kobold shouts!
You hear a shout!
Found 15 gold pieces and 16 arrows.
There is a stone staircase leading down here.
A jelly and a goblin come into view.
Found 17 stones.
You closely miss the kobold. The kobold hits you with a +0 club.
You miss the kobold. The kobold barely misses you.
You hit the kobold.
The kobold is severely wounded.
The kobold hits you but does no damage.
You miss the kobold.
The kobold is severely wounded.
The kobold barely misses you.
You hit the kobold but do no damage.
The kobold is severely wounded.
You hit the goblin. You barely miss the jelly.
The jelly hits you but does no damage. The kobold hits you but does no damage.
The goblin hits you with a +0 dagger.
You hit the kobold.
You kill the kobold!
You hit the jelly.
Your hands burn!
You hit the goblin.
You kill the goblin!
The jelly hits you.
You are splashed with acid!
* * * LOW HITPOINT WARNING * * *
There is a stone staircase leading down here.
The jelly hits you but does no damage.
Okay, then.
There is a stone staircase leading down here.
The jelly hits you.
* * * LOW HITPOINT WARNING * * *
The acid corrodes you!
You are splashed with acid!
You die...

...... ## #.#
...(. .###..#
.... .....# ##
...#...(.#.
..#..........
...........
#.))......
###.....#
#.@...###
#.J...# ...
#.....# #...
##....###..##
###...........
##............#
#.............#
#....#.........
##..###.##....


You could see a jelly.

Levels and vault maps discovered:
D:4:      layout_cave_pools, gammafunk_temple_overflow_forgotten, uniq_menkaure,
          uniq_grinder
D:5:      layout_loops_cross, mainiacjoe_overflow_cross_hatched, serial_shops,
          shop_fountains, shop_statue, nicolae_shop_waterfront,
          nicolae_shop_overgrown_old_shop, gammafunk_ghost_smash,
          minmay_misc_feat_enclosed, chequers_serial_rivers_micro_b,
          kennysheep_windowed_goal, uniq_edmund, uniq_sigmund

Notes
Turn   | Place    | Note
-------+----------+-------------------------------------------
     0 | D:5      | ABBCCCDDDD the Hill Orc Delver began the quest for the Orb.
     0 | D:5      | Reached XP level 1. HP: 19/19 MP: 1/1
    19 | D:5      | Found a broken altar of Ashenzari.
    51 | D:5      | Found Oqatergh's Antique Armour Boutique.
    92 | D:5      | Noticed an ogre
    92 | D:5      | Noticed othur's ghost (novice DgFi)
    97 | D:4      | Noticed a jelly
   127 | D:4      | HP: 1/20 [jelly (3)]
   127 | D:4      | Splashed by a jelly's acid

Table legend: (Time is in decaauts)
 A = Elapsed time spent in this place.
 B = Non-inter-level travel time spent in this place.
 C = Inter-level travel time spent in this place.
 D = Time resting spent in this place.
 E = Time spent auto-exploring this place.
 F = Levels seen in this place.
 G = Mean time per level.
                   A        B        C        D        E       F      G
               +--------+--------+--------+--------+--------+-----+--------+
         Total |    127 |    127 |      0 |      0 |     87 |   2 |   63.5 |
       Dungeon |    127 |    127 |      0 |      0 |     87 |   2 |   63.5 |
               +--------+--------+--------+--------+--------+-----+--------+

Top non-repeatable levels by time:
     D:5: 96 daAuts
     D:4: 31 daAuts

Table legend:
 A = Kills in this place as a percentage of kills in entire the game.
 B = Kills by you in this place as a percentage of kills by you in the entire game.
 C = Kills by friends in this place as a percentage of kills by friends in the entire game.
 D = Other kills in this place as a percentage of other kills in the entire game.
 E = Experience gained in this place as a percentage of experience gained in the entire game.
 F = Experience gained in this place divided by the number of levels of this place that you have seen.
                   A       B       C       D       E      F
               +-------+-------+-------+-------+-------+----------------------
         Total | 100.0 | 100.0 |   N/A |   N/A | 100.0 |   2.0
       Dungeon | 100.0 | 100.0 |   N/A |   N/A | 100.0 |   2.0
               +-------+-------+-------+-------+-------+----------------------

Action                   || total
-------------------------++-------
Melee: Hand axe          ||     6
Armor: Leather armour    ||     4
Dodge: Dodged            ||     2

Vanquished Creatures
  A goblin (D:4)
  A kobold (D:4)
2 creatures vanquished.
